[Event "ISR-ch Youth 2019"]
[Site "Jerusalem"]
[Date "2019.04.15"]
[Round "6.4"]
[White "Mizrahi, Ido"]
[Black "Guz, Ari"]
[Result "1-0"]
[ECO "D36"]
[WhiteElo "1957"]
[BlackElo "2058"]
[Annotator "NA RC"]
[PlyCount "75"]
[EventDate "2019.04.11"]
[EventType "swiss"]
[EventCountry "ISR"]
[SourceTitle "playchess.com"]
[Source "ChessBase"]
[SourceQuality "1"]
[TimeControl "5400+30"]

1. d4 Nf6 2. c4 e6 3. Nc3 d5 4. cxd5 exd5 5. Bg5 c6 6. e3 h6 7. Bh4 Be7 8. Qc2 O-O 9. Bd3 Re8 10. Nf3 Ne4 {[%emt 0:02:08] D36: Queen's Gambit Declined: Exchange Variation: Main line (5 Bg5 c6 6 Qc2)} 11. Bxe7 Qxe7 12. Ne5 (12. O-O Nd7 13. b4 Ndf6 14. Rab1 Nxc3 15. Qxc3 Ne4 16. Qc2 Be6 17. Ne5 f6 18. Ng6 Qf7 19. Nf4 g5 20. f3 Nd6 21. Bg6 Qf8 22. Bxe8 gxf4 {½-½ (35) Michiels,B (2502)-Solodovnichenko,Y (2615) Metz 2012}) 12... Nxc3 13. bxc3 Nd7 14. f4 $146 ({White should play Predecessor:} 14. Nf3 $11 Nf6 15. Nd2 Ne4 16. O-O Nxd2 17. Qxd2 f5 18. Qc2 {½-½ (30) Schon,E (1790)-Davidovic,V Brisbane 2005}) 14... Nf8 15. O-O f6 16. Ng6 Qxe3+ 17. Kh1 Bd7 {[%emt 0:04:56] [#]} ({Better is} 17... Nxg6 $17 18. Bxg6 Re7) 18. Ne5 $1 fxe5 19. Rae1 exd4 20. Rxe3 dxe3 21. Qe2 c5 22. Qh5 Bc6 (22... c4 $5 23. Be2 Be6 $11) 23. c4 (23. f5 $11 {remains equal.} Re5 24. Qg4) 23... Rad8 (23... Nd7 $17 24. cxd5 Nf6 {[%mdl 64] Double Attack}) 24. f5 $1 Re5 25. Qh4 $1 Rd7 26. Qg3 Ree7 27. f6 Re6 28. fxg7 Rxg7 29. Qf3 Re8 30. cxd5 Bd7 31. Qh5 b5 32. Qxh6 (32. Rf6 $142 e2 33. Bxe2) 32... c4 33. Be2 Bg4 $2 (33... Ng6 {keeps fighting.} 34. Rf3 c3) 34. Bxg4 Rxg4 35. Qf6 Rg7 36. d6 Nd7 37. Qf3 c3 $2 (37... Re5 $18 38. Kg1 e2) 38. Qd5+ {[%emt 0:00:17] Double Attack} 1-0

[Event "ISR-ch Youth 2019"]
[Site "Jerusalem"]
[Date "2019.04.15"]
[Round "6.5"]
[White "Cohen, Elad"]
[Black "Uritsky, Yonathan"]
[Result "1/2-1/2"]
[ECO "B33"]
[WhiteElo "1828"]
[BlackElo "1899"]
[Annotator "NA RC"]
[PlyCount "147"]
[EventDate "2019.04.11"]
[EventType "swiss"]
[EventCountry "ISR"]
[SourceTitle "playchess.com"]
[Source "ChessBase"]
[SourceQuality "1"]
[TimeControl "5400+30"]

1. e4 c5 2. Nf3 Nc6 3. d4 cxd4 4. Nxd4 Nf6 5. Nc3 e6 6. Ndb5 d6 7. Bf4 e5 8. Bg5 a6 9. Na3 b5 10. Nd5 Be7 11. Bxf6 {[%emt 0:00:27] LiveBook: 6538 Games} Bxf6 12. c4 b4 13. Nc2 a5 14. g3 {[%emt 0:00:06] B33: Sicilian: Pelikan and Sveshnikov Variations} O-O 15. Bg2 Bg5 16. O-O Ne7 17. Nce3 Be6 {[%emt 0:03:58] [#]} 18. h4 $146 ({Predecessor:} 18. Qd3 Nxd5 19. Nxd5 Qb8 20. Rad1 a4 21. b3 axb3 22. axb3 {½-½ (97) Persson,C (2577)-Voll,A (2557) ICCF email 2012}) 18... Bxe3 19. Nxe3 Rc8 20. Rc1 Nc6 21. b3 Nd4 22. Nc2 Nxc2 23. Rxc2 Qb6 24. Rd2 Rcd8 25. Qe2 Kh8 26. Qe3 Qxe3 27. fxe3 Rd7 28. Kh2 Kg8 29. Bh3 Bxh3 (29... Rfd8 $11 {remains equal.}) 30. Kxh3 Ra8 31. Rfd1 Ra6 $1 32. c5 f6 33. Rxd6 Raxd6 34. cxd6 ({Don't play} 34. Rxd6 Rxd6 35. cxd6 Kf7 $11) 34... Kf7 {[%emt 0:00:26] [#]} ({Black should play} 34... h5 $14) 35. Kg4 (35. h5 $1 $16) 35... Ke6 36. Rd5 Rxd6 37. Rxa5 g6 38. Ra4 Rd2 39. h5 Rh2 40. h6 Rxh6 41. Rxb4 Rh2 42. a4 h5+ 43. Kf3 g5 44. g4 h4 $1 45. a5 Ra2 46. Rb6+ Kf7 47. b4 h3 48. Rc6 h2 49. Rc1 Ra4 50. Rh1 Rxb4 51. Rxh2 Ra4 52. Rh7+ Kg6 53. Ra7 Ra2 54. a6 Kh6 55. Ra8 Kh7 56. a7 Kg7 57. Kg3 Kh7 $1 58. Rf8 Rxa7 59. Rxf6 Ra5 60. Kf3 Kg7 61. Rd6 Ra2 62. Re6 Ra5 63. Ke2 Kf7 64. Rd6 Ra2+ 65. Rd2 Ra6 66. Kd3 Ra3+ 67. Kc4 Ke6 68. Rb2 Rxe3 69. Rb6+ Kf7 70. Kd5 Rg3 71. Kxe5 Rxg4 72. Rb7+ Kg6 73. Kd5 Rg1 $11 74. e5 1/2-1/2

[Event "ISR-ch Youth 2019"]
[Site "Jerusalem"]
[Date "2019.04.15"]
[Round "6.7"]
[White "Ribstein, Orel"]
[Black "Kinberg, Raz"]
[Result "1-0"]
[ECO "A60"]
[WhiteElo "1708"]
[BlackElo "1441"]
[Annotator "NA RC"]
[PlyCount "109"]
[EventDate "2019.04.11"]
[EventType "swiss"]
[EventCountry "ISR"]
[SourceTitle "playchess.com"]
[Source "ChessBase"]
[SourceQuality "1"]
[TimeControl "5400+30"]

1. d4 Nf6 2. c4 e6 3. g3 c5 4. d5 exd5 5. cxd5 b5 6. Bg2 d6 7. Nd2 g6 8. a4 b4 9. Nc4 Ba6 10. Qc2 Bxc4 11. Qxc4 Bg7 12. e4 O-O 13. Ne2 Nbd7 14. O-O Re8 15. Re1 Qc7 16. Bd2 a5 17. Rac1 Nb6 18. Qc2 Qd7 19. b3 Re7 20. Nf4 Qe8 21. f3 Raa7 22. Bf1 Nfd7 23. Bb5 Qd8 24. Nd3 Ne5 25. Nxe5 Bxe5 26. Bg5 f6 27. Bf4 Nd7 28. Bxe5 fxe5 29. Rf1 Rf7 30. Rf2 Qg5 31. Rcf1 Nb6 32. Kh1 Qe7 33. Be2 Kg7 34. Bb5 Kg8 35. Be2 Kg7 36. f4 Qe8 37. f5 Qf8 38. g4 Qg8 39. Qc1 Kh8 40. Qh6 Qg7 41. Qh4 g5 42. Qg3 Qh6 43. h3 Rf6 44. Rh2 Qg7 45. Rff2 Nd7 46. Bb5 Nf8 47. h4 Re7 48. hxg5 Qxg5 49. Rh5 Qg8 50. Qh4 Rff7 51. g5 Ra7 52. Rg2 Rac7 53. g6 Rg7 54. Rgg5 Ra7 55. Be8 1-0

[Event "ISR-ch Youth 2019"]
[Site "Jerusalem"]
[Date "2019.04.15"]
[Round "6.8"]
[White "Dezent, Eyal"]
[Black "Blumenthal, Michael"]
[Result "0-1"]
[ECO "A06"]
[WhiteElo "1300"]
[BlackElo "1277"]
[Annotator "NA RC"]
[PlyCount "54"]
[EventDate "2019.04.11"]
[EventType "swiss"]
[EventCountry "ISR"]
[SourceTitle "playchess.com"]
[Source "ChessBase"]
[SourceQuality "1"]
[TimeControl "5400+30"]

1. d4 Nf6 2. Nf3 d5 3. e3 c5 4. b3 Nc6 5. Bb2 Bg4 6. Be2 e6 7. O-O Bd6 8. Nbd2 O-O 9. Ne5 Bxe2 10. Qxe2 Rc8 11. c4 Qe7 12. f4 Rfd8 13. cxd5 exd5 14. g4 Nd7 15. g5 cxd4 16. Nxc6 Rxc6 17. Bxd4 Rc2 18. Qd3 Rc6 19. h4 Nc5 20. Qe2 Ne6 21. Qg2 Nxd4 22. exd4 Qe3+ 23. Qf2 Bxf4 24. Rae1 Qxf2+ 25. Rxf2 Bg3 26. Rfe2 Bxe1 27. Rxe1 Rc2 0-1

[Event "ISR-ch Youth 2019"]
[Site "Jerusalem"]
[Date "2019.04.15"]
[Round "6.9"]
[White "Levin, Emily"]
[Black "Sadka Darrell, Daria"]
[Result "0-1"]
[ECO "E71"]
[WhiteElo "1545"]
[BlackElo "1451"]
[Annotator "NA RC"]
[PlyCount "68"]
[EventDate "2019.04.11"]
[EventType "swiss"]
[EventCountry "ISR"]
[SourceTitle "playchess.com"]
[Source "ChessBase"]
[SourceQuality "1"]
[TimeControl "5400+30"]

1. d4 Nf6 2. c4 g6 3. Nc3 Bg7 4. e4 d6 5. h3 Nbd7 6. Be3 b6 7. Nf3 O-O 8. Be2 e5 9. d5 Nc5 10. Bxc5 bxc5 11. Nd2 Ne8 12. O-O f5 13. exf5 gxf5 14. f3 Qg5 15. Qc1 Bh6 16. f4 Qg6 17. Qe1 Kh8 18. Qf2 Rg8 19. Bd1 Bxf4 20. Kh1 Nf6 21. Rg1 Qh6 22. Nf1 Bg5 23. Bc2 Bh4 24. Qe2 Ng4 25. Nd1 Rb8 26. g3 Bg5 27. Kg2 Nf6 28. Nh2 Bh4 29. Nf1 f4 30. Rh1 Bxg3 31. Nxg3 Rxg3+ 32. Kf1 Rxh3 33. Rxh3 Bxh3+ 34. Ke1 Rg8 0-1

[Event "ISR-ch Youth 2019"]
[Site "Jerusalem"]
[Date "2019.04.15"]
[Round "6.11"]
[White "Orian, Noga"]
[Black "Gadasi, Noam"]
[Result "0-1"]
[ECO "A58"]
[WhiteElo "1502"]
[BlackElo "1653"]
[Annotator "NA RC"]
[PlyCount "144"]
[EventDate "2019.04.11"]
[EventType "swiss"]
[EventCountry "ISR"]
[SourceTitle "playchess.com"]
[Source "ChessBase"]
[SourceQuality "1"]
[TimeControl "5400+30"]

1. d4 Nf6 2. c4 c5 3. d5 b5 4. cxb5 a6 5. bxa6 Bxa6 6. Nc3 d6 7. Nf3 g6 8. g3 Bg7 9. Bg2 O-O 10. O-O Nbd7 11. Re1 Ng4 12. h3 Nge5 13. e4 Qa5 14. Bf1 Bxf1 15. Kxf1 Nc4 16. Qd3 Qa6 17. Kg2 Rfb8 18. b3 Nce5 19. Qxa6 Rxa6 20. Bd2 c4 21. Nxe5 Nxe5 22. f4 Nd3 23. Red1 cxb3 24. Rab1 Bxc3 25. Bxc3 Rxa2+ 26. Kf3 Nc5 27. e5 Kf8 28. Ke3 Ke8 29. Bd4 Rc2 30. Rdc1 Rxc1 31. Rxc1 b2 32. Rb1 Rb3+ 33. Ke2 Rxg3 34. Rxb2 Rxh3 35. Rb8+ Kd7 36. Rf8 Nd3 37. exd6 Nxf4+ 38. Kf2 Kxd6 39. Rxf7 Nxd5 40. Rf8 h5 41. Rg8 Nf4 42. Be3 Nd3+ 43. Ke2 Ne5 44. Bf4 Ke6 45. Bxe5 Kxe5 46. Rxg6 e6 47. Kf2 Rh4 48. Rh6 Rf4+ 49. Kg3 Rf5 50. Kh4 Kd5 51. Rg6 Rf1 52. Rg5+ Ke4 53. Ra5 Rf4+ 54. Kh3 e5 55. Ra8 h4 56. Re8 Kd4 57. Rd8+ Ke3 58. Ra8 Rd4 59. Ra3+ Ke2 60. Ra2+ Rd2 61. Ra5 Rd3+ 62. Kxh4 Rd4+ 63. Kg3 e4 64. Ra2+ Rd2 65. Ra1 e3 66. Kg2 Rc2 67. Rh1 Kd2 68. Kf3 e2 69. Kf2 Rc7 70. Ra1 Rf7+ 71. Kg2 e1=Q 72. Rxe1 Kxe1 0-1

[Event "ISR-ch Youth 2019"]
[Site "Jerusalem"]
[Date "2019.04.16"]
[Round "7.1"]
[White "Zemach, Roee"]
[Black "Globus, Or"]
[Result "0-1"]
[ECO "B94"]
[WhiteElo "2230"]
[BlackElo "2346"]
[Annotator "ChessBase"]
[PlyCount "104"]
[EventDate "2019.04.11"]
[EventType "swiss"]
[EventCountry "ISR"]
[SourceTitle "playchess.com"]
[Source "ChessBase"]
[SourceQuality "1"]
[TimeControl "5400+30"]

1. e4 c5 2. Nf3 d6 3. d4 cxd4 4. Nxd4 Nf6 5. Nc3 a6 6. Bg5 Nbd7 7. Bc4 Qb6 8. O-O Qxb2 9. Nd5 Nxd5 10. Bxd5 e6 11. Rb1 Qc3 12. Bxb7 Bxb7 13. Rxb7 Nc5 14. Rc7 Qa5 15. Rc6 Qa4 16. Rb6 Nxe4 17. Bh4 Rc8 18. Re1 Qa5 19. Rc6 Rxc6 20. Nxc6 Qc7 21. Rxe4 Qxc6 22. Rb4 f6 23. Rb8+ Kf7 24. Bg3 d5 25. Qb1 e5 26. h4 Rg8 27. Rb6 Qc4 28. Rb7+ Be7 29. Qb6 Re8 30. Qa5 Kf8 31. h5 Qxc2 32. Qxd5 Rd8 33. Rd7 Rxd7 34. Qxd7 Qxa2 35. h6 gxh6 36. Qc8+ Kf7 37. Qf5 Qd2 38. Qxh7+ Ke6 39. Qg8+ Kd7 40. Qg4+ Kc7 41. Qc4+ Kb6 42. Qe6+ Qd6 43. Qb3+ Kc7 44. Qa2 Kb7 45. Qa4 Qc6 46. Qb3+ Qb5 47. Qe6 Qc5 48. Qd7+ Kb6 49. Kh2 a5 50. f3 Ka6 51. Be1 e4 52. Qa4 Bd6+ 0-1

[Event "ISR-ch Youth 2019"]
[Site "Jerusalem"]
[Date "2019.04.16"]
[Round "7.5"]
[White "Etingof, Yury"]
[Black "Cohen, Elad"]
[Result "0-1"]
[ECO "C67"]
[WhiteElo "1630"]
[BlackElo "1828"]
[Annotator "NA RC"]
[PlyCount "74"]
[EventDate "2019.04.11"]
[EventType "swiss"]
[EventCountry "ISR"]
[SourceTitle "playchess.com"]
[Source "ChessBase"]
[SourceQuality "1"]
[TimeControl "5400+30"]

1. e4 e5 2. Nf3 Nc6 3. Bb5 Nf6 4. O-O Nxe4 {[%emt 0:00:22] LiveBook: 8099 Games} 5. d4 Nd6 6. Bxc6 dxc6 7. dxe5 Nf5 8. Qxd8+ Kxd8 9. Bg5+ Be7 10. Nc3 Bxg5 {[%emt 0:00:24] C67: Ruy Lopez: Berlin Defence: 4 0-0 Nxe4} 11. Rad1+ Ke7 12. Nxg5 h6 13. Nf3 g5 14. Ne4 b6 $146 ({Black should play Predecessor:} 14... Be6 $11 15. Nc5 Rhd8 16. Nxb7 Rdb8 17. Na5 Rxb2 18. Nxc6+ {1-0 (49) Nijboer,F (2553)-Jonkman,H (2436) Wijk aan Zee 2003}) 15. Nd4 Nxd4 16. Rxd4 Bf5 17. Ng3 Bxc2 18. Rc1 (18. Rd2 $142 Bg6 19. Ne2) 18... c5 19. Rd2 Bg6 20. b4 Rhd8 21. Rb2 {[%emt 0:04:02] [#]} c4 $1 22. f3 b5 23. Ne4 Bxe4 24. fxe4 Rd4 25. Re2 Rad8 26. Rcc2 Ke6 27. Kf2 Kxe5 28. Kf3 Rd3+ 29. Kg4 R8d4 30. g3 Rxe4+ 31. Kh5 Rxe2 32. Rxe2+ Kd4 $19 33. Kxh6 c3 34. Kxg5 Rd2 35. Re7 c5 36. bxc5 c2 37. Rxf7 c1=Q 0-1

[Event "ISR-ch Youth 2019"]
[Site "Jerusalem"]
[Date "2019.04.16"]
[Round "7.7"]
[White "Blumenthal, Michael"]
[Black "Ribstein, Orel"]
[Result "1/2-1/2"]
[ECO "B09"]
[WhiteElo "1277"]
[BlackElo "1708"]
[Annotator "NA RC"]
[PlyCount "91"]
[EventDate "2019.04.11"]
[EventType "swiss"]
[EventCountry "ISR"]
[SourceTitle "playchess.com"]
[Source "ChessBase"]
[SourceQuality "1"]
[TimeControl "5400+30"]

1. e4 d6 2. d4 g6 3. Nc3 a6 4. a4 Nf6 5. f4 Bg7 6. Nf3 O-O 7. e5 dxe5 8. dxe5 Qxd1+ 9. Kxd1 Rd8+ 10. Ke1 Nd5 11. Nxd5 Rxd5 12. Bc4 Rd8 13. Ng5 e6 14. Be3 b6 15. Kf2 Bb7 16. Rhd1 Nc6 17. c3 h6 18. Nf3 Ne7 19. g4 Nd5 20. Be2 Nxe3 21. Kxe3 Bf8 22. Nd4 Bc5 23. b4 Bxd4+ 24. Rxd4 Rxd4 25. Kxd4 Rd8+ 26. Ke3 Kf8 27. Rd1 Rxd1 28. Bxd1 Bc6 29. a5 b5 30. Bf3 Bxf3 31. Kxf3 Ke7 32. Ke4 c5 33. bxc5 Kd7 34. c6+ Kxc6 35. Kd4 h5 36. gxh5 gxh5 37. h4 Kd7 38. Kc5 Kc7 39. Kb4 Kb7 40. Kc5 Kc7 41. Kb4 Kc6 42. c4 bxc4 43. Kxc4 Kd7 44. Kc5 Kc7 45. Kb4 Kc6 46. Kc4 1/2-1/2

[Event "ISR-ch Youth 2019"]
[Site "Jerusalem"]
[Date "2019.04.16"]
[Round "7.8"]
[White "Ostrovsky Berman, Noam"]
[Black "Dezent, Eyal"]
[Result "0-1"]
[ECO "B18"]
[WhiteElo "1545"]
[BlackElo "1300"]
[Annotator "NA RC"]
[PlyCount "40"]
[EventDate "2019.04.11"]
[EventType "swiss"]
[EventCountry "ISR"]
[SourceTitle "playchess.com"]
[Source "ChessBase"]
[SourceQuality "1"]
[TimeControl "5400+30"]

1. e4 c6 2. d4 d5 3. Nc3 dxe4 4. Nxe4 Bf5 5. Ng3 Bg6 6. h4 h6 7. f4 e6 8. Nf3 Nd7 9. h5 Bh7 10. Bd3 Bxd3 11. Qxd3 Ngf6 12. Bd2 Qc7 13. O-O-O O-O-O 14. c4 Bd6 15. Ne5 Bxe5 16. fxe5 Nxe5 17. Qc3 Nxc4 18. Qxc4 Qxg3 19. Ba5 Qf4+ 20. Kb1 Qf5+ 0-1

[Event "ISR-ch Youth 2019"]
[Site "Jerusalem"]
[Date "2019.04.16"]
[Round "7.10"]
[White "Qasem, Huda"]
[Black "Almog, Shani"]
[Result "1-0"]
[ECO "C00"]
[WhiteElo "1664"]
[BlackElo "1362"]
[Annotator "NA"]
[PlyCount "91"]
[EventDate "2019.04.11"]
[EventType "swiss"]
[EventCountry "ISR"]
[SourceTitle "playchess.com"]
[Source "ChessBase"]
[SourceQuality "1"]
[TimeControl "5400+30"]

1. Nf3 e6 2. g3 Nf6 3. Bg2 d5 4. O-O c5 5. d3 Nc6 6. Nbd2 Be7 7. e4 O-O 8. Re1 Qc7 9. Nf1 dxe4 10. dxe4 Rd8 11. Qe2 e5 12. c3 a6 13. Bg5 h6 14. Bxf6 Bxf6 15. Ne3 Ne7 16. a4 Bd7 17. a5 Be6 18. Qc2 Nc6 19. Qa4 Rd3 20. Bf1 Rd7 21. Bc4 Bxc4 22. Nxc4 Rad8 23. Nb6 Rd3 24. Nd5 Qd6 25. Kg2 Ne7 26. c4 Nxd5 27. exd5 e4 28. Rxe4 Bxb2 29. Ra2 Qf6 30. Ne1 Rd2 31. Rf4 Qc3 32. Rf3 Qc1 33. Nd3 Qb1 34. Qb3 Rd1 35. Qxb2 Rg1+ 36. Kh3 Qf1+ 37. Kg4 f5+ 38. Kf4 Re8 39. Ne5 g5+ 40. Kxf5 Qh3+ 41. Kg6 Re1 42. Ng4 R1e6+ 43. dxe6 Rxe6+ 44. Nf6+ Kf8 45. Qxb7 Re7 46. Qb8+ 1-0

[Event "ISR-ch Youth 2019"]
[Site "Jerusalem"]
[Date "2019.04.16"]
[Round "7.12"]
[White "Harel Raz, Eden"]
[Black "Frenkel, Avigail"]
[Result "0-1"]
[ECO "A48"]
[WhiteElo "1128"]
[BlackElo "1124"]
[Annotator "NA RC"]
[PlyCount "60"]
[EventDate "2019.04.11"]
[EventType "swiss"]
[EventCountry "ISR"]
[SourceTitle "playchess.com"]
[Source "ChessBase"]
[SourceQuality "1"]
[TimeControl "5400+30"]

1. d4 Nf6 2. Nf3 g6 3. Bg5 Bg7 4. Nbd2 O-O 5. e3 d6 6. Bd3 Nbd7 7. O-O Qe8 8. e4 e5 9. c3 h6 10. Bh4 g5 11. Bg3 Nh5 12. Rc1 Nf4 13. Qc2 Qe7 14. h3 h5 15. Bxf4 gxf4 16. b4 Kh8 17. Be2 Rg8 18. Nh2 Nf6 19. Nc4 Bh6 20. Nf3 Bxh3 21. Kh2 Bxg2 22. Rfe1 Qe6 23. Ng1 Bxe4 24. Qd2 Bd5 25. Nb2 Ng4+ 26. Bxg4 Qxg4 27. f3 Qh4+ 28. Nh3 Qg3+ 29. Kh1 Bxf3+ 30. Qg2 Qxg2# 0-1

[Event "ISR-ch Youth 2019"]
[Site "Jerusalem"]
[Date "2019.04.17"]
[Round "8.2"]
[White "Stolyarsky, Yegor"]
[Black "Milikow, Yoav"]
[Result "0-1"]
[ECO "D93"]
[WhiteElo "1939"]
[BlackElo "2256"]
[Annotator "NA"]
[PlyCount "131"]
[EventDate "2019.04.11"]
[EventType "swiss"]
[EventCountry "ISR"]
[SourceTitle "playchess.com"]
[Source "ChessBase"]
[SourceQuality "1"]
[TimeControl "5400+30"]

1. d4 Nf6 2. Nf3 g6 3. c4 Bg7 4. Nc3 d5 5. Bf4 O-O 6. e3 c5 7. dxc5 Ne4 {[%emt 0:00:45] D93: Grünfeld: 4 Nf3 Bg7 5 Bf4 0-0 6 e3} (7... Qa5 8. Rc1 dxc4 9. Bxc4 Qxc5 10. Bb3 Nc6 11. O-O Qa5 12. h3 Bf5 13. Qe2 Ne4 14. Nd5 e5 15. Bg5 Nxg5 16. Nxg5 Qd8 17. h4 h6 18. g4 Bd7 19. Ne4 f5 20. gxf5 Bxf5 21. Ne7+ Kh7 22. Nxf5 gxf5 {1-0 (52) Riazantsev,A (2671)-Kulaots,K (2556) Tallinn 2016}) 8. Rc1 Nd7 9. cxd5 Qa5 10. Be2 Nxc3 11. bxc3 Nxc5 (11... Bxc3+ $11 12. Kf1 Nxc5) 12. Be5 Bxe5 $1 13. Nxe5 e6 $146 ({Predecessor:} 13... Qxa2 14. O-O Nd7 15. Nc4 {1-0 (32) Latib,A (1582)-Van de Peut,A (1288) LSS email 2013}) 14. Bc4 exd5 15. Bxd5 Be6 16. Bxe6 Nxe6 17. Nf3 Qxa2 18. O-O Rfd8 19. Qc2 Qxc2 20. Rxc2 a5 21. Rb1 a4 22. Kf1 a3 23. Nd4 Nc5 24. Ra1 Ra5 25. Rca2 Rda8 26. Ke2 Na4 27. Kd2 Nb2 28. Nc2 Kg7 29. Nd4 Kf6 30. Kc2 Nc4 31. Kb3 Rc5 32. Kc2 Ke5 33. Kd3 Rac8 34. Nc2 Nb2+ 35. Ke2 Rxc3 36. Nxa3 Nd3 37. Rd2 Nc1+ 38. Ke1 Nb3 39. Nb5 Nxa1 40. Nxc3 Rxc3 41. Rd7 b5 42. Rxf7 b4 43. Kd1 b3 44. Rb7 h5 45. Rb8 Kd5 46. Rb7 Rc6 47. Rb8 Ke4 48. Rb7 Kd3 49. Rb8 Rc2 50. Rd8+ Kc3 51. Rc8+ Kb2 52. Rb8 Rc6 53. e4 Rd6+ 54. Ke2 Kc1 55. e5 $19 Re6 56. f4 b2 57. Kd3 Nc2 58. Ke4 b1=Q 59. Rxb1+ Kxb1 60. Kd5 Ra6 61. e6 Nb4+ 62. Ke5 Nd3+ 63. Ke4 Nc5+ 64. Ke5 Rxe6+ 65. Kd5 Re2 66. Kd4 0-1

[Event "ISR-ch Youth 2019"]
[Site "Jerusalem"]
[Date "2019.04.17"]
[Round "8.3"]
[White "Hoffmann, Yair"]
[Black "Guz, Ari"]
[Result "1/2-1/2"]
[ECO "D02"]
[WhiteElo "2103"]
[BlackElo "2058"]
[Annotator "NA"]
[PlyCount "127"]
[EventDate "2019.04.11"]
[EventType "swiss"]
[EventCountry "ISR"]
[SourceTitle "playchess.com"]
[Source "ChessBase"]
[SourceQuality "1"]
[TimeControl "5400+30"]

1. d4 Nf6 2. Nf3 d5 3. Bf4 e6 4. e3 c5 5. c3 Nc6 6. Nbd2 cxd4 7. exd4 Nh5 8. Bg5 f6 9. Be3 Bd6 10. g3 O-O 11. Bd3 f5 12. Ng5 Nf6 13. f4 Qb6 14. Qb3 Bd7 15. Ngf3 Ng4 16. Qxb6 axb6 17. Ke2 Na5 18. Ne5 Bxe5 19. dxe5 Nxe3 20. Kxe3 b5 21. Nf3 Nc4+ 22. Bxc4 bxc4 23. a3 h6 24. h3 Kf7 25. Rag1 g6 26. g4 Rg8 27. h4 Ba4 28. Nd4 h5 29. gxh5 gxh5 30. Rg5 Rxg5 31. fxg5 Ra6 32. Kd2 Be8 33. Rg1 Kg7 34. Ne2 Bg6 35. Nf4 Rb6 36. Kc2 Ra6 37. Rb1 Rc6 38. Rd1 Rb6 39. Rd2 Rc6 40. Kd1 Rb6 41. Ke2 Rc6 42. Ke3 Kf7 43. Kd4 Ra6 44. Kc5 Rc6+ 45. Kd4 Ra6 46. Re2 Rc6 47. Re1 Rb6 48. Re2 Rc6 49. Rf2 Rb6 50. Ng2 Kg7 51. Ke3 Be8 52. Ne1 Ba4 53. Rd2 Be8 54. Nf3 Bg6 55. Nd4 Kh7 56. Kf4 Kg7 57. Ke3 Kf7 58. Ne2 Kg7 59. Nc1 Be8 60. Na2 Rb5 61. Nb4 Ra5 62. Kf4 Kg6 63. Rd1 Ba4 64. Ra1 1/2-1/2

[Event "ISR-ch Youth 2019"]
[Site "Jerusalem"]
[Date "2019.04.17"]
[Round "8.4"]
[White "Sherman, Reem"]
[Black "Mizrahi, Ido"]
[Result "0-1"]
[ECO "B15"]
[WhiteElo "1883"]
[BlackElo "1957"]
[Annotator "NA"]
[PlyCount "82"]
[EventDate "2019.04.11"]
[EventType "swiss"]
[EventCountry "ISR"]
[SourceTitle "playchess.com"]
[Source "ChessBase"]
[SourceQuality "1"]
[TimeControl "5400+30"]

1. e4 c6 2. d4 d5 3. Nd2 dxe4 4. Nxe4 Nf6 5. Nxf6+ exf6 {[%emt 0:00:00] LiveBook: 1467 Games} 6. Nf3 Bd6 7. Be2 O-O 8. O-O Qc7 9. c3 Re8 10. h3 Nd7 11. Qc2 Nf8 12. Rd1 Be6 13. b3 Ng6 14. Bf1 (14. Bc4 $11 {keeps the balance.}) 14... Bd5 $15 15. Nd2 Nf4 16. g3 Ne2+ 17. Bxe2 Rxe2 18. Qd3 Rae8 19. Nf1 R2e7 20. Be3 Qd7 21. Kh2 Bf3 22. Re1 Re4 23. Bd2 Be2 24. Rxe2 Rxe2 25. Kg2 R2e4 26. Be3 f5 27. Nd2 R4e7 28. Nc4 Bc7 29. a4 Qd5+ 30. Kh2 Qf3 31. Ne5 Bxe5 32. dxe5 Rxe5 33. Qd4 c5 34. Qd7 R5e7 35. Qd6 b6 36. a5 h6 37. axb6 axb6 38. Ra4 Rxe3 39. fxe3 Qf2+ 40. Kh1 Rxe3 41. Ra1 Re2 0-1

[Event "ISR-ch Youth 2019"]
[Site "Jerusalem"]
[Date "2019.04.17"]
[Round "8.5"]
[White "Cohen, Elad"]
[Black "Tsirilman, Guy"]
[Result "1-0"]
[ECO "B91"]
[WhiteElo "1828"]
[BlackElo "1812"]
[Annotator "NA"]
[PlyCount "109"]
[EventDate "2019.04.11"]
[EventType "swiss"]
[EventCountry "ISR"]
[SourceTitle "playchess.com"]
[Source "ChessBase"]
[SourceQuality "1"]
[TimeControl "5400+30"]

1. e4 c5 2. Nf3 d6 3. d4 cxd4 4. Nxd4 Nf6 5. Nc3 a6 6. g3 e5 7. Nde2 Be7 8. Bg2 O-O 9. O-O b5 10. Nd5 Nbd7 11. Nec3 Nb6 12. Nxe7+ Qxe7 13. Bg5 Bb7 $14 14. Qf3 Rac8 15. Rac1 h6 16. Bxf6 Qxf6 17. Qxf6 gxf6 18. Nb1 Na4 19. b3 Nc5 20. Nd2 Rfd8 21. c4 b4 22. a4 Ne6 23. Bh3 Nd4 24. Bxc8 Rxc8 25. Rfe1 Kf8 26. f4 Ke7 27. Kf2 Rc5 28. Re3 a5 29. f5 d5 30. exd5 Bxd5 31. g4 h5 32. h3 h4 33. Nf1 Bc6 34. Rd1 Kd6 35. Rdd3 Bd7 36. Nd2 Bc6 37. Ne4+ Bxe4 38. Rxe4 Rc7 39. Ke3 Rc5 40. Rdxd4+ exd4+ 41. Rxd4+ Kc6 42. Re4 Kd7 43. Kd4 Rc8 44. c5 Kc6 45. Kc4 Rd8 46. Rd4 Re8 47. Rd6+ Kc7 48. Rxf6 Re3 49. Rxf7+ Kc6 50. Rf6+ Kc7 51. g5 Rxh3 52. g6 Rg3 53. Kb5 h3 54. Rf7+ Kd8 55. Rh7 1-0

[Event "ISR-ch Youth 2019"]
[Site "Jerusalem"]
[Date "2019.04.17"]
[Round "8.6"]
[White "Milikow, Elie"]
[Black "Uritsky, Yonathan"]
[Result "1/2-1/2"]
[ECO "B30"]
[WhiteElo "2199"]
[BlackElo "1899"]
[Annotator "NA"]
[PlyCount "73"]
[EventDate "2019.04.11"]
[EventType "swiss"]
[EventCountry "ISR"]
[SourceTitle "playchess.com"]
[Source "ChessBase"]
[SourceQuality "1"]
[TimeControl "5400+30"]

1. e4 c5 2. Nf3 Nc6 3. Bb5 Nf6 4. Nc3 g6 5. e5 Ng4 {[%emt 0:01:27] B30: Sicilian: 2...Nc6 3 Bb5, lines without ...g6} 6. Qe2 (6. Bxc6 dxc6 7. d3 Nh6 8. Ne4 Nf5 9. c3 b6 10. g4 Ng7 11. Rg1 h5 12. h3 hxg4 13. hxg4 Ne6 14. Be3 Bg7 {0-1 (45) Naiditsch,A (2708)-Vachier Lagrave,M (2711) Warsaw 2012}) 6... Bg7 7. Bxc6 $1 dxc6 8. d3 O-O 9. h3 $146 ({Predecessor:} 9. Bf4 b6 10. h3 Nh6 11. g4 f5 12. g5 Nf7 13. h4 Be6 14. h5 gxh5 15. Rxh5 {1-0 (39) Matviishen,V (2476)-Brilej,J (2101) Konya 2018}) 9... Nh6 10. Be3 b6 11. g4 f6 12. exf6 exf6 13. Qd2 Nf7 14. O-O-O Be6 15. Kb1 Ne5 16. Nxe5 fxe5 17. Qe2 Bd5 18. Ne4 Qc7 19. c4 Bxe4 20. dxe4 Rad8 21. g5 Rxd1+ 22. Rxd1 Rd8 23. Rxd8+ Qxd8 24. Kc2 Qd7 25. Qg4 Qxg4 26. hxg4 Kf7 27. Kb3 Ke6 28. Ka4 Bf8 29. a3 Bd6 30. b4 cxb4 31. axb4 Kd7 32. f3 Bc7 33. Bd2 Ke6 34. Be1 Kd7 $11 35. Bd2 Ke6 36. Be1 Kd7 37. Bd2 1/2-1/2

[Event "ISR-ch Youth 2019"]
[Site "Jerusalem"]
[Date "2019.04.17"]
[Round "8.7"]
[White "Ribstein, Orel"]
[Black "Dezent, Eyal"]
[Result "1-0"]
[ECO "D78"]
[WhiteElo "1708"]
[BlackElo "1300"]
[Annotator "NA"]
[PlyCount "73"]
[EventDate "2019.04.11"]
[EventType "swiss"]
[EventCountry "ISR"]
[SourceTitle "playchess.com"]
[Source "ChessBase"]
[SourceQuality "1"]
[TimeControl "5400+30"]

1. d4 d5 2. Nf3 Nf6 3. c4 c6 4. Nbd2 g6 5. g3 Bg7 6. Bg2 O-O 7. O-O Bf5 8. Nh4 e6 9. h3 Ne4 10. cxd5 cxd5 11. Nxf5 exf5 12. Nxe4 fxe4 13. e3 Nc6 14. b3 Qd7 15. Ba3 Rfd8 16. Qd2 a5 17. Rfc1 a4 18. Bc5 Bf8 19. b4 b5 20. Bf1 Rab8 21. Bxf8 Kxf8 22. Rc5 Na7 23. Rac1 Rbc8 24. Qc2 Rxc5 25. Qxc5+ Kg7 26. Qc7 Kf8 27. Qxd7 Rxd7 28. Rc5 Rb7 29. a3 Ke7 30. Rxd5 f5 31. g4 Kf6 32. gxf5 gxf5 33. Kh2 Kg5 34. Kg3 Rg7 35. Bxb5 Nxb5 36. Rxb5 h5 37. Rc5 1-0